Map: Emerald City LE

Players

daisy - Winner!

  • Race: Terran Terran
  • League: Bronze
  • Spawn Location: 5:00

Lingboy - Winner!

  • Race: Zerg Zerg
  • League: Grandmaster
  • Spawn Location: 5:00

PureLegacy

  • Race: Terran Terran
  • League: Master
  • Spawn Location: 11:00

Byronious

  • Race: Terran Terran
  • League: Master
  • Spawn Location: 11:00

VOD

Have the link to the VOD?

Description

Time

  • Played on: Dec. 2, 2018, 10:35 p.m.
  • Length: 7:20
Show
View Real Time Build Order
Export as new Build Order

daisy Terran - Winner!

Build Orders:  

Get SALT Encoding   

  12  0:01  SCV  
  13  0:13  SCV  
  14  0:19  Supply Depot  
  14  0:25  SCV  
  15  0:32  Refinery  
  15  0:42  SCV  
  16  0:47  Barracks  
  16  0:52  Refinery  
  16  0:53  Barracks  
  16  0:55  SCV  
  16  0:56  Barracks  
  17  1:07  SCV  
  18  1:14  Supply Depot  
  18  1:17  Barracks  
  18  1:19  SCV  
  19  1:34  Barracks  
  19  1:36  Reaper  
  19  1:38  Barracks  
  20  1:40  Orbital Command  
  20  1:45  Reaper  
  21  1:49  Supply Depot  
  21  1:56  Reaper  
  22  2:06  Barracks  
  22  2:08  Reaper x2  
  24  2:13  SCV  
  25  2:17  Supply Depot x2, Reaper  
  25  2:21  Reaper  
  27  2:28  Reaper  
  28  2:36  Reaper  
  29  2:40  Supply Depot, Reaper x2  
  29  2:41  Supply Depot  
  31  2:49  Reaper  
  32  2:53  Reaper  
  32  2:55  Factory  
  34  2:58  Reaper  
  34  3:02  SCV  
  34  3:03  Supply Depot  
  34  3:04  Supply Depot, Reaper  
  36  3:14  SCV  
  37  3:55  Marine x7, Starport  
  38  3:56  Starport x2  
  38  4:01  Supply Depot  
  38  4:02  Supply Depot x2  
  44  4:13  Marine x6, SCV  
  44  4:15  Marine  
  52  4:26  Command Center  
  52  4:31  Marine x3  
  53  4:35  Starport Tech Lab x3  
  55  4:57  Marine x3, Banshee  
  55  4:58  Cloaking Field, Banshee x2  
  66  5:17  Factory Tech Lab  
  66  5:18  Barracks Tech Lab  
  66  5:19  Marine x2  
  66  5:20  Marine x3, Barracks Tech Lab  
  71  5:24  SCV  
  72  5:36  SCV  
  72  5:37  Marine x4  
  72  5:40  Supply Depot x2, Banshee x2  
  82  5:52  Engineering Bay  
  82  5:53  Combat Shield  
  82  5:55  Banshee  
  84  6:19  Marine x5, Marauder x2  
  84  6:23  Banshee x2  
  99  6:36  Siege Tank  
  99  6:37  Marine x5  
  110  6:41  Marine x2  
  112  6:55  Marine x4  
Show
View Real Time Build Order
Export as new Build Order

Lingboy Zerg - Winner!

Build Orders:  

Get SALT Encoding   

  12  0:01  Drone  
  13  0:08  Drone  
  14  0:15  Extractor  
  14  0:16  Drone  
  15  0:23  Overlord  
  15  0:42  Drone x2  
  17  0:59  Drone, Extractor  
  17  1:08  Drone x2  
  19  2:46  Drone x3  
  19  2:49  Extractor  
Show
View Real Time Build Order
Export as new Build Order

PureLegacy Terran 

Build Orders:  

Get SALT Encoding   

  12  0:00  SCV  
  13  0:12  SCV  
  14  0:17  Supply Depot  
  14  0:25  SCV  
  15  0:31  Refinery  
  15  0:38  SCV  
  16  0:46  Barracks  
  16  0:50  SCV  
  17  1:01  Barracks  
  17  1:17  Barracks  
  17  1:19  SCV  
  18  1:36  Reaper  
  18  1:38  Orbital Command  
  19  1:46  Refinery  
  19  1:50  Reaper  
  20  2:00  Supply Depot  
  20  2:04  Reaper  
  21  2:09  Reaper  
  21  2:14  SCV  
  23  2:22  Reaper  
  24  2:26  SCV  
  25  2:33  Supply Depot  
  25  2:36  Reaper  
  26  2:38  SCV  
  26  2:41  Reaper  
  28  2:58  Reaper  
  28  3:03  Command Center  
  29  3:08  Reaper  
  30  3:13  Reaper  
  32  3:20  Supply Depot  
  31  3:31  Reaper  
  32  3:40  Reaper  
  33  3:46  Barracks  
  33  3:47  Barracks  
  33  3:58  Reaper  
  33  4:01  SCV  
  35  4:03  Reaper  
  36  4:15  Reaper  
  36  4:16  Orbital Command  
  37  4:30  Reaper  
  38  4:35  Reaper x2  
  38  4:37  Reaper  
  41  4:41  Orbital Command  
  41  4:47  Reaper  
  41  5:00  SCV  
  41  5:02  Reaper  
  41  5:06  SCV  
  45  5:07  Reaper  
  45  5:12  Reaper  
  46  5:15  SCV  
  46  5:18  Supply Depot, Reaper, SCV  
  49  5:23  Reaper  
  49  5:27  SCV  
  51  5:30  Refinery, SCV  
  51  5:31  Refinery  
  51  5:35  Supply Depot  
  52  5:36  Reaper  
  52  5:39  SCV  
  54  5:43  SCV  
  56  5:51  SCV  
  56  5:55  SCV  
  59  6:03  SCV  
  61  6:07  SCV  
  58  6:13  Barracks Tech Lab  
  58  6:14  Marine x4  
  58  6:15  SCV  
  58  6:16  Engineering Bay  
  63  6:19  SCV  
  64  6:28  SCV  
  64  6:31  SCV  
  64  6:32  Marine x5  
  63  6:40  SCV  
  63  6:44  Missile Turret  
  57  6:47  Missile Turret  
  57  6:49  Marine  
  57  6:50  Marine x3  
  57  6:53  Factory  
  61  7:02  Marine  
Show
View Real Time Build Order
Export as new Build Order

Byronious Terran 

Build Orders: Reaper Expand 

Get SALT Encoding   

  12  0:00  SCV  
  13  0:13  SCV  
  14  0:18  Supply Depot  
  14  0:25  SCV  
  15  0:40  Barracks, SCV  
  16  0:45  Refinery  
  16  0:55  SCV  
  17  1:07  SCV  
  18  1:19  SCV  
  19  1:30  Reaper  
  20  1:33  Orbital Command  
  20  1:44  Command Center  
  20  1:53  Barracks  
  20  2:04  Supply Depot, Reaper  
  21  2:09  SCV  
  22  2:22  Refinery  
  22  2:25  Factory  
  21  2:33  SCV  
  22  2:44  Barracks Tech Lab  
  23  2:53  Barracks Tech Lab  
  23  2:57  Orbital Command  
  22  3:10  SCV  
  23  3:17  Stimpack  
  23  3:18  Marauder x2  
  27  3:21  Hellion  
  27  3:25  SCV x2  
  31  3:34  Starport  
  31  3:40  Marauder  
  33  3:46  Hellion, Concussive Shells  
  35  3:51  SCV x2  
  39  4:03  SCV  
  39  4:04  SCV  
  39  4:05  Marauder  
  39  4:06  Orbital Command  
  39  4:07  Factory Tech Lab  
  43  4:13  Marine  
  43  4:15  Medivac  
  44  4:32  SCV  
  44  4:33  SCV  
  46  5:08  Supply Depot  
  46  5:19  Starport Reactor  
  46  5:21  Command Center  
  46  5:22  Engineering Bay  
  46  5:24  Engineering Bay  
  46  5:25  Refinery  
  46  5:26  Refinery  
  46  5:29  SCV x2, Siege Tank  
  46  5:30  Marauder  
  53  5:42  SCV  
  54  5:48  SCV  
  53  5:52  Marine  
  53  5:54  Combat Shield  
  54  5:57  Barracks  
  54  5:58  Barracks  
  54  5:59  Barracks  
  54  6:01  Barracks  
  54  6:16  SCV  
  54  6:18  Marine  
  54  6:19  Marauder  
  54  6:22  SCV  
  54  6:23  Missile Turret  
  54  6:25  Missile Turret, Siege Tank  
  54  6:27  Missile Turret  
  54  6:28  SCV  
  54  6:29  Missile Turret  
  54  6:30  Missile Turret  
  54  6:34  SCV  
  55  6:40  SCV  
  55  6:45  Viking  
  55  6:46  SCV  
  59  6:52  SCV  
  57  6:59  Marine x2  
  56  7:01  Barracks Reactor x3  
  56  7:05  Missile Turret  
Tags
 
Add a new tag
Caveats
  • Supply blocks, unpowered buildings, or Contaminate may cause inaccurate times.
  • Supply counts are checked every 10 seconds.